Map: Terrasses de Prion

Players

Implying

  • Race: Terran Terran
  • League: Diamond

Worming - Winner!

  • Race: Zerg Zerg
  • League: Diamond

VOD

Have the link to the VOD?

Description

Time

  • Played on: Nov. 28, 2015, 5:03 a.m.
  • Length: 18:11
Show
View Real Time Build Order
Export as new Build Order

Implying Terran 

Build Orders: Reaper Expand, Mech 

Get SALT Encoding   

  12  0:01  SCV  
  13  0:13  SCV  
  14  0:17  Supply Depot  
  14  0:30  SCV  
  15  0:41  Barracks  
  15  0:43  Refinery  
  15  0:44  SCV  
  16  0:56  SCV  
  17  1:08  SCV  
  18  1:20  SCV  
  19  1:29  Reaper  
  20  1:33  Orbital Command  
  20  1:40  Command Center  
  20  1:49  Supply Depot  
  20  1:59  SCV  
  21  2:06  Barracks Reactor  
  21  2:11  SCV  
  22  2:24  SCV  
  23  2:39  SCV  
  23  2:41  Factory  
  23  2:43  Marine x2  
  26  2:51  SCV  
  26  2:55  Orbital Command  
  27  3:04  SCV  
  28  3:08  Marine x2  
  30  3:16  SCV  
  31  3:22  SCV  
  32  3:28  SCV  
  32  3:32  Starport, Supply Depot  
  33  3:34  Marine, SCV  
  33  3:35  Hellion x2  
  33  3:40  SCV  
  40  3:42  Supply Depot  
  40  3:46  SCV  
  41  3:52  SCV  
  41  3:54  Marine  
  41  3:55  Bunker  
  43  3:57  Hellion x2  
  43  3:58  SCV  
  48  4:04  SCV  
  49  4:10  Medivac  
  49  4:11  SCV  
  49  4:14  Barracks Tech Lab  
  49  4:16  SCV  
  53  4:18  Hellion x2  
  53  4:20  Supply Depot  
  53  4:23  SCV  
  58  4:27  Refinery  
  58  4:28  SCV  
  58  4:30  Supply Depot  
  59  4:35  SCV  
  60  4:41  SCV  
  60  4:44  Barracks Tech Lab  
  61  4:47  SCV  
  62  4:55  Armory  
  62  5:01  SCV x2  
  62  5:04  Command Center  
  64  5:09  Banshee  
  64  5:10  Command Center  
  64  5:13  SCV x2  
  69  5:26  Cloaking Field  
  69  5:28  Hellion x2  
  73  5:31  SCV x2  
  73  5:32  Refinery x2  
  75  5:43  SCV x2  
  74  5:55  SCV  
  74  5:56  SCV  
  76  6:03  Hellion  
  78  6:11  Supply Depot  
  78  6:12  Supply Depot  
  78  6:13  Supply Depot  
  78  6:15  Banshee  
  78  6:16  Hellion, SCV x2  
  83  6:29  Hellion  
  85  6:34  Factory  
  85  6:37  Hellion  
  85  6:39  Factory  
  87  6:40  Barracks Tech Lab  
  87  6:41  SCV  
  85  6:49  SCV  
  85  6:51  Orbital Command  
  85  6:53  Orbital Command  
  85  6:56  Hellion  
  85  6:58  Banshee  
  85  6:59  Hellion  
  92  7:10  SCV x2  
  94  7:18  SCV  
  94  7:19  Orbital Command  
  94  7:22  SCV x2  
  94  7:28  Hellion x2  
  98  7:30  SCV  
  98  7:34  SCV  
  98  7:35  SCV, Factory  
  101  7:41  Banshee  
  101  7:43  SCV  
  105  7:44  Siege Tank x2  
  105  7:47  SCV x2  
  105  7:50  Hellion x2  
  117  7:54  Supply Depot  
  117  7:55  Supply Depot, SCV  
  117  7:57  Engineering Bay  
  118  7:59  Terran Vehicle Weapons Level 1  
  118  8:02  Armory  
  94  8:15  Orbital Command  
  94  8:19  Hellion x2, Siege Tank x2  
  95  8:23  SCV x4  
  88  8:35  SCV  
  89  8:45  Hellion x2  
  89  8:48  Barracks Tech Lab, Factory Tech Lab  
  93  8:51  Siege Tank, Factory  
  93  8:52  SCV x3  
  99  9:00  Banshee  
  99  9:01  Siege Tank  
  105  9:04  SCV x2  
  105  9:06  Hellion x2  
  105  9:07  Missile Turret  
  105  9:08  Missile Turret  
  111  9:10  Missile Turret  
  111  9:13  Thor, Missile Turret  
  111  9:16  Missile Turret  
  117  9:23  Siege Tank  
  120  9:24  Supply Depot  
  120  9:26  Orbital Command  
  120  9:27  Hellion x2  
  120  9:29  Supply Depot  
  124  9:33  SCV x3  
  124  9:37  Supply Depot  
  127  9:44  Thor  
  127  9:45  SCV x2  
  135  9:49  Hellion x2  
  139  9:55  Thor, SCV  
  139  9:57  SCV x2  
  148  10:03  Command Center  
  148  10:07  SCV  
  148  10:12  Thor, Refinery x2  
  155  10:21  Factory  
  155  10:23  Barracks Reactor  
  155  10:30  Supply Depot x3  
  155  10:32  Supply Depot  
  155  10:34  Hellion x2, Supply Depot  
  158  10:39  Thor  
  164  10:52  Missile Turret  
  164  10:58  Thor, Missile Turret  
  164  11:00  Hellion x2, Missile Turret  
  174  11:10  Thor  
  180  11:11  Siege Tank, Command Center  
  183  11:21  Hellion  
  183  11:23  Command Center, Hellion x3, Siege Tank  
  193  11:36  Terran Vehicle And Ship Armor Level 1  
  193  11:37  Terran Vehicle Weapons Level 2  
  184  11:42  Hellion  
  184  11:44  Thor  
  184  11:45  Hellion  
  166  11:58  Hellion x2  
  170  12:07  Missile Turret  
  170  12:09  Missile Turret x2  
  170  12:11  Siege Tank x2  
  170  12:12  Hellion  
  176  12:39  Siege Tank x2  
  176  12:40  Hellion x4  
  176  12:43  Hellion  
  103  13:01  Siege Tank  
  103  13:02  Hellion x4  
  103  13:04  Orbital Command, Siege Tank  
  103  13:05  Planetary Fortress  
  117  13:08  Refinery x2  
  117  13:11  Hellion  
  107  13:39  Siege Tank x3  
  107  13:40  Hellion x2, Siege Tank  
  107  13:41  Hellion x2  
  127  14:02  Hellion  
  129  14:08  Orbital Command  
  129  14:11  Thor, Siege Tank x2  
  141  14:19  Thor  
  141  14:21  Hellion  
  148  14:25  Missile Turret x2  
  148  14:29  Missile Turret  
  148  14:36  Hellion  
  150  14:42  Infernal Pre-Igniter  
  150  14:43  Thor  
  156  14:58  Siege Tank x2  
  156  14:59  Hellion x3  
  168  15:06  Thor  
  135  15:26  Thor  
  141  15:35  Hellion x2  
  145  15:47  Command Center  
  145  15:58  Hellion x3  
  109  16:39  Thor x3  
  100  16:52  Thor  
  100  16:53  Hellion  
  99  17:00  Missile Turret  
  94  17:27  Thor  
  104  17:30  Hellion x3  
Show
View Real Time Build Order
Export as new Build Order

Worming Zerg - Winner!

Build Orders: Hatch First, Muta Ling Bane 

Get SALT Encoding   

  12  0:03  Drone  
  13  0:10  Drone  
  14  0:26  Drone, Extractor  
  14  0:27  Drone, Extractor  
  16  0:42  Hatchery  
  15  0:48  Extractor  
  15  0:49  Extractor  
  13  0:50  Drone  
  16  1:04  Spawning Pool  
  16  1:10  Overlord  
  15  1:21  Extractor  
  14  1:28  Drone x3  
  17  1:40  Drone  
  18  1:50  Drone  
  18  1:51  Queen  
  18  1:54  Queen  
  21  1:55  Drone  
  21  2:01  Zergling x2  
  25  2:12  Overlord  
  25  2:15  Drone  
  26  2:21  Drone  
  27  2:25  Metabolic Boost  
  27  2:32  Extractor  
  26  2:41  Overlord  
  26  2:42  Drone x3  
  30  2:54  Overlord  
  30  3:01  Drone x5  
  30  3:02  Drone  
  36  3:09  Drone x3  
  39  3:15  Drone  
  39  3:16  Roach Warren  
  39  3:20  Queen  
  39  3:23  Drone  
  42  3:41  Overlord  
  42  3:42  Zergling x4  
  42  3:43  Hatchery  
  43  3:49  Overlord  
  43  3:51  Zergling x4  
  43  3:53  Drone x3  
  48  4:04  Drone x5  
  48  4:08  Extractor  
  52  4:10  Extractor  
  52  4:14  Lair, Evolution Chamber  
  52  4:15  Evolution Chamber  
  49  4:27  Drone x2  
  51  4:42  Zerg Melee Weapons Level 1, Zerg Ground Armor Level 1  
  51  4:52  Baneling Nest  
  48  4:53  Roach  
  48  4:54  Roach x2  
  48  4:59  Roach x2  
  56  5:02  Roach  
  58  5:07  Roach  
  58  5:08  Roach  
  62  5:17  Drone x4  
  62  5:18  Drone x5  
  62  5:19  Glial Reconstitution  
  71  5:24  Drone  
  72  5:28  Queen  
  72  5:32  Overlord  
  72  5:33  Overlord x2  
  74  5:39  Extractor  
  73  5:55  Centrifical Hooks  
  73  5:56  Zergling x2, Overlord  
  73  5:57  Zergling x12  
  79  5:58  Overlord  
  79  6:00  Zergling x2  
  79  6:01  Zergling x2  
  82  6:04  Drone  
  82  6:05  Drone x2  
  82  6:06  Drone x2  
  86  6:18  Baneling x7  
  86  6:19  Baneling x5  
  85  6:33  Drone x4  
  85  6:36  Extractor  
  87  6:47  Zerg Melee Weapons Level 2  
  87  6:49  Overlord  
  87  6:50  Overlord x2  
  87  6:53  Drone x3, Extractor  
  89  6:54  Drone x3  
  89  6:55  Overlord x2  
  89  6:56  Zergling x4  
  89  7:00  Spore Crawler  
  93  7:01  Overseer  
  93  7:04  Spore Crawler  
  93  7:06  Spore Crawler x2  
  84  7:22  Drone  
  84  7:23  Drone x6  
  84  7:26  Zergling x4  
  92  7:37  Spire  
  92  7:42  Zergling x10  
  92  7:43  Zergling x2, Hatchery  
  96  7:45  Overseer  
  94  7:51  Pneumatized Carapace  
  94  7:54  Zerg Ground Armor Level 2  
  94  7:58  Zergling x14  
  88  8:20  Zergling x4, Roach  
  88  8:21  Zergling x6, Roach x4  
  87  8:42  Baneling  
  87  8:43  Baneling x14  
  87  8:47  Drone x10  
  97  8:56  Zerg Flyer Weapons Level 1, Mutalisk x6  
  109  9:04  Infestation Pit  
  108  9:10  Overlord  
  108  9:14  Zergling x14  
  106  9:42  Hive  
  106  9:43  Queen  
  106  9:44  Queen  
  108  9:50  Extractor x2  
  106  9:53  Drone  
  106  9:54  Drone x4  
  106  9:55  Drone  
  106  9:58  Zergling x2, Hatchery  
  106  9:59  Zergling x32  
  128  10:14  Overseer  
  128  10:19  Zergling x14  
  135  10:21  Baneling x6  
  135  10:22  Baneling x4  
  133  10:51  Extractor  
  133  10:53  Overlord x2  
  133  10:55  Zerg Ground Armor Level 3, Greater Spire, Zerg Melee Weapons Level 3  
  133  10:56  Extractor  
  131  10:57  Adrenal Glands  
  131  10:58  Ultralisk Cavern, Zergling x2  
  131  10:59  Zergling x26  
  131  11:02  Queen  
  131  11:03  Queen  
  148  11:08  Zergling x2  
  148  11:09  Zergling x2  
  150  11:12  Burrow  
  150  11:15  Zergling x2  
  150  11:16  Zergling x6  
  154  11:24  Drone x4  
  154  11:25  Drone x2, Overlord x2  
  111  11:49  Ultralisk x7  
  111  11:51  Chitinous Plating  
  111  11:53  Zergling x12  
  155  12:10  Corruptor x2  
  159  12:25  Baneling x15  
  159  12:28  Hatchery  
  158  12:30  Baneling x2  
  148  12:50  Zergling x18  
  135  12:51  Ultralisk x2  
  121  13:38  Corruptor x4  
  121  13:39  Corruptor  
  131  13:50  Brood Lord, Corruptor x2  
  131  13:51  Corruptor  
  131  13:52  Roach x5  
  131  13:54  Ultralisk x3  
  167  14:03  Drone x5  
  172  14:13  Zergling x2  
  173  14:27  Zerg Missile Weapons Level 1  
  173  14:30  Hydralisk Den, Extractor  
  171  14:31  Spine Crawler x2  
  171  14:33  Spine Crawler  
  171  14:34  Extractor  
  171  14:36  Overseer  
  171  14:38  Overlord  
  166  14:52  Brood Lord x4, Ultralisk  
  180  14:55  Pathogen Glands  
  180  15:00  Muscular Augments  
  180  15:08  Hatchery  
  149  15:24  Ultralisk x2  
  149  15:25  Ultralisk  
  129  16:19  Ultralisk x2  
  129  16:20  Zergling x14, Hydralisk  
  129  16:21  Roach, Hydralisk x11  
  158  16:33  Brood Lord  
  158  16:34  Brood Lord  
  152  16:43  Drone  
  150  16:54  Drone x9  
  159  16:58  Drone x2  
  159  16:59  Spine Crawler x3  
  155  17:13  Zergling x2  
  155  17:28  Zergling x16  
  155  17:29  Zergling x2, Roach x8  
Tags
 
Add a new tag
Caveats
  • Supply blocks, unpowered buildings, or Contaminate may cause inaccurate times.
  • Supply counts are checked every 10 seconds.